 Dungeon Crawl Stone Soup version 0.17.1-1-g73c8601 (webtiles) character file.

144 Glider the Covered (level 5, -7/47 HPs)
             Began as a Minotaur Fighter on Dec 23, 2015.
             Was an Initiate of Okawaru.
             Killed from afar by Ijyb (12 damage)
             ... with a wand of cold
             ... on level 3 of the Dungeon.
             The game lasted 00:05:10 (1633 turns).

Glider the Covered (Minotaur Fighter)               Turns: 1633, Time: 00:05:11

Health: -7/47      AC:  7    Str: 21    XL:     5   Next: 5%
Magic:  4/4        EV:  8    Int:  5    God:    Okawaru [......]
Gold:   152        SH:  9    Dex: 10    Spells: 0 memorised, 4 levels left

rFire  . . .     SeeInvis +     j - +4 hand axe
rCold  . . .     Clarity  .     b - +0 scale mail
rNeg   . . .     SustAt   .     c - +0 shield
rPois  .         Gourm    .     (helmet restricted)
rElec  .         Spirit   .     (no cloak)
rCorr  .         Warding  .     (no gloves)
rMut   .         Stasis   .     (no boots)
MR     .....                    (no amulet)
Stlth  ..........               (no ring)
                                k - ring of see invisible (curse)

@: not resistant to hostile enchantments, extremely unstealthy
A: retaliatory headbutt, horns 2
a: Renounce Religion


You were on level 3 of the Dungeon.
You worshipped Okawaru.
Okawaru was noncommittal.
You were not hungry.

You visited 1 branch of the dungeon, and saw 3 of its levels.

You collected 152 gold pieces.

Inventory:

Hand Weapons
 a - a +0 flail
 j - a +4 hand axe (weapon)
Armour
 b - a +0 scale mail (worn)
 c - a +0 shield (worn)
Jewellery
 k - a cursed ring of see invisible (left hand)
 o - a cursed -3 ring of evasion {unknown}
 s - an uncursed ring of protection from fire {unknown}
Scrolls
 g - 3 scrolls of teleportation {unknown}
 i - 3 scrolls of amnesia {unknown}
 m - a scroll of remove curse {unknown}
 n - a scroll of immolation {unknown}
 p - a scroll of fear {unknown}
 r - 2 scrolls of fog {unknown}
 t - a scroll of identify {unknown}
 w - a scroll of enchant armour {unknown}
 y - a scroll of enchant weapon {unknown}
Potions
 d - a potion of might
 h - 2 potions of haste {unknown}
 u - a potion of curing {unknown}
Books
 v - a book of Alchemy

   Spells                             Type                      Level
   a - Sublimation of Blood           Necromancy                   2
   b - Ignite Poison                  Fire/Transmutation/Poison    3
   c - Alistair's Intoxication        Transmutation/Poison         4
   d - Condensation Shield            Ice                          4
   e - Petrify                        Transmutation/Earth          4
   f - Irradiate                      Conjuration/Transmutation    5
Comestibles
 e - 3 bread rations
 f - 4 chunks of flesh
 l - 4 meat rations
 q - a slice of pizza
 x - a royal jelly


   Skills:
 + Level 4.3 Fighting
 * Level 2.3(2.9) Axes
 - Level 2.6(3.1) Maces & Flails
 + Level 4.4 Armour
 - Level 2.0 Dodging
 + Level 4.4 Shields


You had 4 spell levels left.
You didn't know any spells.

Dungeon Overview and Level Annotations

Branches:
Dungeon (3/15)

Altars:
Okawaru
Trog

Annotations:
D:3 Ijyb


Innate Abilities, Weirdness & Mutations

You reflexively headbutt those who attack you in melee.
You have a pair of horns on your head.


Message History

There is a stone staircase leading down here.
Ijyb the Twisted Goblin comes into view.
He is wielding a dagger.
Ijyb shouts!
Ijyb zaps a wand.
The bolt of cold hits you!
It is a wand of cold.
You block Ijyb's attack.
Found 19 gold pieces and a scroll labeled MUEDO KOUJIPP.
You barely miss Ijyb. Ijyb hits you but does no damage.
You block Ijyb's attack.
You slash Ijyb!
Ijyb is moderately wounded.
Ijyb zaps a wand.
The bolt of cold hits you!
You hit Ijyb.
Ijyb is moderately wounded.
Ijyb zaps a wand.
The bolt of cold hits you!
* * * LOW HITPOINT WARNING * * *
You are too injured to fight recklessly!
You barely miss Ijyb.
Ijyb is moderately wounded.
Ijyb zaps a wand.
The bolt of cold hits you!
You die...

##.>.# #.#
# #..#.#
#.###
#....#
#...#
#.####
###.#
#.#.. #.#
#.#.# #.#
#.#.# #.#
#.#.######
#.#
#.@g.....#
#.#
###.####.#
#.# .# #..
.# .####
.# . # $#
##. # ?.
... # ##
#.# # #.#
#


You could see Ijyb.

Vanquished Creatures
  A giant frog zombie (D:3)
  Jessica (D:2)
  Terence (D:2)
  An adder (D:2)
  3 worms
  A giant gecko (D:3)
  An orc (D:3)
  A giant cockroach (D:3)
  11 goblins
  4 hobgoblins
  4 jackals (D:3)
  4 kobolds
  6 bats
  3 giant newts
  4 rats
46 creatures vanquished.

Notes
Turn   | Place    | Note
--------------------------------------------------------------
     0 | D:1      | Glider the Minotaur Fighter began the quest for the Orb.
     0 | D:1      | Reached XP level 1. HP: 19/19 MP: 0/0
   123 | D:1      | Found an iron altar of Okawaru.
   134 | D:1      | Became a worshipper of Warmaster Okawaru
   238 | D:1      | Reached XP level 2. HP: 27/27 MP: 1/1
   647 | D:2      | Reached skill level 4 in Armour
   741 | D:2      | Reached skill level 1 in Axes
   760 | D:2      | Reached XP level 3. HP: 33/33 MP: 2/2
   789 | D:2      | Noticed Jessica
   794 | D:2      | Killed Jessica
   794 | D:2      | Reached skill level 1 in Dodging
   960 | D:2      | Noticed Terence
   976 | D:2      | Killed Terence
   976 | D:2      | Reached XP level 4. HP: 25/40 MP: 3/3
  1100 | D:2      | Found a bloodstained altar of Trog.
  1463 | D:3      | Reached XP level 5. HP: 33/47 MP: 4/4
  1628 | D:3      | Noticed Ijyb
  1633 | D:3      | Killed from afar by Ijyb

Action                   |  1- 3 |  4- 6 || total
-------------------------+-------+-------++-------
Melee: Hand axe          |    54 |    45 ||    99
       Flail             |     7 |       ||     7
  Eat: Chunk             |       |     2 ||     2
